Construct Infanterie Kompanie
Selects Mechanized Battlegroup
Infanterie Officer Quarters
Construct Panzergrenadier Kompanie
Pak 40 Anti-tank Gun Team
Selects StuG Assault Group
Selects Mobile Repair Stations
Selects Mobile Repair Stations
Nebelwerfer 42 Rocket Launcher Team
Construct Panzer Kompanie
Selects Wespe Self-propelled Artillery
Selects UNKNOWN (2160084)
Wespe Self-propelled Artillery
Wespe Self-propelled Artillery
Selects Zeroing Artillery Barrage